homie, lawful male human Samurai ---------- . -........| |..G.....| -......<.| |........| |........| |.....'@d.# ---------- homie the Ninja Experience level: 7 Strength: 17 Dexterity: 16 Constitution: 18 Intelligence: 9 Wisdom: 8 Charisma: 7 Health: 0(66) Energy: 23(23) AC: 5 Gold: 575 Moves: 1883 Your Inventory: Coins $ - 575 gold pieces Amulets y - an uncursed amulet of restful sleep Weapons a - an uncursed +0 katana (weapon in hand) b - an uncursed +3 wakizashi (alternate weapon; not wielded) c - a blessed +0 yumi d - 38 uncursed +0 ya (in quiver) Armor e - an uncursed rustproof +0 splint mail (being worn) h - an [uncursed] +0 orcish helm (being worn) z - a cursed -3 pair of combat boots [fumble] (being worn) Comestibles u - an [uncursed] lichen corpse x - an [uncursed] partly eaten gunyoki A - an [uncursed] gunyoki F - an uncursed tin of violet fungus G - an uncursed tin of spinach Scrolls p - an uncursed scroll of light H - an [uncursed] scroll of create monster Spellbooks w - an [uncursed] spellbook of detect food Potions f - an uncursed potion of sleeping B - an uncursed potion of water Tools g - an [uncursed oil] lamp (lit) i - an [uncursed oil] lamp o - an [uncursed] blindfold r - an [uncursed tallow] candle t - an [uncursed] looking glass [mirror] E - an [uncursed tin] whistle Gems C - 2 uncursed flint stones Spells known in the end: Name Level Category Fail Memory a - detect food 2 divination 100% [||||||||] Your skills at the end: Fighting Skills martial arts [Basic / Master] Weapon Skills short sword [Basic / Expert] long sword [Basic / Expert] bow [Basic / Expert] Spellcasting Skills Final Attributes: You were devoutly aligned. Hunger level was 192. Your alignment was 18 / 19. Monster difficulty range was 1 - 8. Level difficulty was 9. You fumbled. You were telepathic. You were very fast. Your luck was zero. You are dead. Vanquished creatures: a giant spider a lizard a raven a water nymph 2 enormous rats a yellow light a gnome lord 4 elf zombies a ghoul 3 straw golems a floating eye a homunculus a kobold shaman a monkey an acid blob 2 coyotes a large kobold 4 brown molds a gnome zombie 2 jackals a goblin 3 grid bugs 2 bats 2 lichens a kobold zombie a newt 41 creatures vanquished. Voluntary challenges: You were an atheist. You used a wielded weapon 73 times. You read items or engraved 5 times. You put on armor 3 times. You never genocided any monsters. You never polymorphed an object. You never changed form. You used no wishes. You never wrote Elbereth's name. You never encountered a bones level. You never used any Sokoban shortcuts. Dungeon overview: The Dungeons of Doom: levels 1 to 9 Level 1 a long staircase Level 2 a delicatessen Level 9 <- You were here History has recorded: On T:1 you entered the Dungeons of Doom to retrieve the Amulet of Yendor! On T:361 you reached level 2 of The Dungeons of Doom. On T:551 you advanced to experience level 2. On T:621 you reached level 3 of The Dungeons of Doom. On T:763 you reached level 4 of The Dungeons of Doom. On T:764 you advanced to experience level 3. On T:790 you advanced to experience level 4. On T:864 you reached level 5 of The Dungeons of Doom. On T:899 you advanced to experience level 5. On T:1188 you reached level 6 of The Dungeons of Doom. On T:1329 you advanced to experience level 6. On T:1336 you reached level 7 of The Dungeons of Doom. On T:1527 you reached level 8 of The Dungeons of Doom. On T:1683 you advanced to experience level 7. On T:1876 you reached level 9 of The Dungeons of Doom. Latest messages: A leocrotta on the floor of a room. You are suddenly moving faster. You miss the leocrotta. The leocrotta hits! The leocrotta bites! The leocrotta hits! (2x) The leocrotta bites! The leocrotta hits! [HP-40=9] Pick an object. A leocrotta on the floor of a room. The gnomish wizard picks up a sparkling potion. The gnomish wizard picks up a potion. You stumble. You make a lot of noise! [2 turns] You hit the rope golem! The rope golem hits! (2x) You die... Final status: Sayonara homie the Samurai... You died in The Dungeons of Doom on dungeon level 9 with 3361 points, and 575 pieces of gold, after 1883 moves. You were level 7 with a maximum of 66 hit points when you died.